 Dungeon Crawl Stone Soup version 0.31-a0-536-ga3e2962e35 (webtiles) character file.

Game seed: 3093359401305584208

3529158 jaspen the Minotaur Barricade (level 27, 409/409 HPs)
             Began as a Minotaur Fighter on Aug 12, 2023.
             Was the Champion of Okawaru.
             Escaped with the Orb
             ... and 5 runes on Aug 13, 2023!
             The game lasted 02:49:41 (62778 turns).

jaspen the Minotaur Barricade (Minotaur Fighter)   Turns: 62778, Time: 02:49:41

Health: 409/409    AC: 57    Str: 34    XL:     27
Magic:  33/40      EV: 34    Int:  4    God:    Okawaru [******]
Gold:   11923      SH: 24    Dex: 20    Spells: 52/54 levels left

rFire   + + +        D - +18 lance "Wyrmbane" {slay drac, rPois rF+ rC+ AC+3}
rCold   + + +        h - +1 kite shield of the Cartwright {Regen+ Dex+3}
rNeg    + . .        P - +16 gold dragon scales of the Saviour {rPois rF+ rC+ Regen+ Str+3}
rPois   +            (helmet unavailable)
rElec   +            w - +2 cloak {rCorr}
rCorr   +            W - +2 pair of gloves
SInv    +            x - +1 pair of boots "Tisiymp Quno" {rN+}
Will    +++..        m - amulet of regeneration Stlth
                     U - +4 ring of slaying
HPRegen 3.28/turn    b - ring of the Hare {EV+10}
MPRegen 0.27/turn

%: no passive effects
@: mighty, berserking, resistant, heroic, enlightened, flying, hasted, studying
2 skills, invisible, very quick
A: horns 3, retaliatory headbutt, large bone plates 1, see invisible, agile 1,
noise suppression
0: Orb of Zot
}: 5/15 runes: decaying, serpentine, slimy, silver, abyssal
a: Renounce Religion, Heroism, Finesse, Duel


You escaped.
You worshipped Okawaru.
Okawaru was exalted by your worship.
You visited 13 branches of the dungeon, and saw 57 of its levels.
You visited the Abyss 1 time.
You visited 1 ziggurat, and saw 11 of its levels.
You also visited: Ice Cave and Wizlab.

You collected 14585 gold pieces.
You spent 2662 gold pieces at shops.

Inventory:

Hand Weapons
 d - a +9 spectral broad axe
 f - a +9 heavy broad axe
 D - the +18 lance "Wyrmbane" (weapon) {slay drac, rPois rF+ rC+ AC+3}
   (You took it off Maggie on level 7 of the Dungeon)

   AC+3:      It affects your AC (+3).
   rF+:       It protects you from fire.
   rC+:       It protects you from cold.
   rPois:     It protects you from poison
Missiles
 e - 4 throwing nets
Armour
 h - the +1 kite shield of the Cartwright (worn) {Regen+ Dex+3}
   (Okawaru gifted it to you on level 9 of the Dungeon)

   Dex+3:     It affects your dexterity (+3).
   Regen+:    It increases your rate of health regeneration.
 w - a +2 cloak of preservation (worn)
 x - the +1 pair of boots "Tisiymp Quno" (worn) {rN+}
   (You bought it in a shop on level 4 of the Dungeon)

   rN+:       It protects you from negative energy.
 C - a +2 pair of boots of flying
 E - the +8 tower shield of the Doldrums {Str+3 Int+5 SInv Stlth-}
   (You took it off a daeva on level 4 of the Abyss)

   Str+3:     It affects your strength (+3).
   Int+5:     It affects your intelligence (+5).
   SInv:      It lets you see invisible.
   Stlth-:    It makes you less stealthy.
 J - a +2 cloak of willpower
 P - the +16 gold dragon scales of the Saviour (worn) {rPois rF+ rC+ Regen+ Str+3}
   (Okawaru gifted it to you on level 2 of the Lair of Beasts)

   Str+3:     It affects your strength (+3).
   rF+:       It protects you from fire.
   rC+:       It protects you from cold.
   rPois:     It protects you from poison Regen+: It increases your rate of
   health regeneration.
 T - a +2 hat of see invisible
 W - a +2 pair of gloves (worn)
Jewellery
 b - the ring of the Hare (right hand) {EV+10}
   (You found it on level 9 of the Dungeon)

   [ring of evasion]

   EV+10:     It affects your evasion (+10).
 i - a +6 ring of intelligence
 m - an amulet of regeneration (around neck)
 s - a ring of see invisible
 B - a ring of resist corrosion
 N - a ring of flight
 U - a +4 ring of slaying (left hand)
Wands
 n - a wand of iceblast (18)
 q - a wand of digging (8)
 z - a wand of acid (48)
 I - a wand of paralysis (24)
Scrolls
 a - 11 scrolls of fog
 c - 10 scrolls of enchant armour
 j - 10 scrolls of teleportation
 p - 14 scrolls of revelation
 y - 13 scrolls of immolation
 Q - 11 scrolls of blinking
 R - 8 scrolls of fear
 X - 2 scrolls of silence
Potions
 g - 6 potions of heal wounds
 k - 13 potions of attraction
 l - 6 potions of cancellation
 o - 2 potions of invisibility
 r - 12 potions of ambrosia
 t - 9 potions of magic
 v - 11 potions of lignification
 G - 2 potions of haste
 H - 22 potions of curing
 L - 10 potions of enlightenment
 O - a potion of resistance
 S - 4 potions of berserk rage


   Skills:
 O Level 27 Fighting
 - Level 8.1(24.3) Axes
 - Level 26.6(27) Polearms
 O Level 27 Armour
 O Level 27 Dodging
 O Level 27 Shields
 + Level 14.2 Spellcasting
 - Level 5.0 Transmutations
 - Level 5.0 Earth Magic
 - Level 10.0 Invocations


You had 52 spell levels left.
You knew the following spells:

 Your Spells              Type           Power      Damage    Failure   Level
a - Passwall              Tmut/Erth      5%         N/A       12%         2

Your spell library contained the following spells:

 Spells                   Type           Power      Damage    Failure   Level
 Sandblast                Erth           12%        2d6       8%          1
 Wereblood                Tmut           6%         N/A       12%         2
 Sting                    Tmut/Pois      16%        1d3       22%         1
 Apportation              Tloc           4%         N/A       52%         1
 Freeze                   Ice            8%         1d3       52%         1
 Magic Dart               Conj           8%         1d3       52%         1
 Necrotise                Necr           8%         1d4       52%         1
 Shock                    Conj/Air       8%         1d3       52%         1
 Stone Arrow              Conj/Erth      8%         3d7       54%         3
 Petrify                  Tmut/Erth      6%         N/A       58%         4
 Cigotuvi's Dreadful Rot  Necr/Pois/Air  4%         N/A       65%         2
 Poisonous Vapours        Pois/Air       4%         N/A       65%         2
 Scorch                   Fire           4%         2d5       65%         2
 Searing Ray              Conj           4%         2d4       65%         2
 Sublimation of Blood     Necr           2%         N/A       65%         2
 Ignite Poison            Fire/Tmut/Pois 4%         N/A       65%         3
 Frozen Ramparts          Ice            4%         1d1       87%         3
 Hailstorm                Conj/Ice       2%         3d3       87%         3
 Inner Flame              Hex/Fire       2%         N/A       87%         3
 Mephitic Cloud           Conj/Pois/Air  2%         N/A       87%         3
 Ozocubu's Armour         Ice            2%         N/A       87%         3
 Portal Projectile        Hex/Tloc       4%         N/A       87%         3
 Swiftness                Air            2%         N/A       87%         3
 Vampiric Draining        Necr           2%         2d6       87%         3
 Vhi's Electric Charge    Tloc/Air       4%         N/A       87%         3
 Leda's Liquefaction      Hex/Erth       2%         N/A       91%         4
 Airstrike                Air            1%         2d(1-17)  99%         4
 Anguish                  Hex/Necr       1%         N/A       99%         4
 Cause Fear               Hex            1%         N/A       99%         4
 Dispel Undead            Necr           2%         3d7       99%         4
 Fulminant Prism          Conj/Hex       1%         3d5       99%         4
 Manifold Assault         Tloc           2%         N/A       99%         4
 Olgreb's Toxic Radiance  Pois           2%         N/A       99%         4
 Passage of Golubria      Tloc           2%         N/A       99%         4
 Sticky Flame             Conj/Fire      2%         2d3       99%         4
 Alistair's Intoxication  Tmut/Pois      2%         N/A       99%         5
 Borgnjor's Vile Clutch   Necr/Erth      2%         N/A       99%         5
 Irradiate                Conj/Tmut      2%         3d12      99%         5
 Yara's Violent Unravell  Hex/Tmut       2%         3d3       99%         5
 Agony                    Necr           2%         N/A       100%        5
 Arcjolt                  Conj/Air       1%         1d11      100%        5
 Fireball                 Conj/Fire      1%         3d3       100%        5
 Freezing Cloud           Conj/Ice/Air   1%         6-21      100%        5
 Metabolic Englaciation   Hex/Ice        1%         N/A       100%        5
 Silence                  Hex/Air        1%         N/A       100%        5
 Conjure Ball Lightning   Conj/Air       1%         3x3d6     100%        6
 Dispersal                Tloc           1%         N/A       100%        6
 Eringya's Noxious Bog    Tmut/Pois      2%         4d6       100%        6
 Plasma Beam              Fire/Air       1%         2x1d11    100%        6
 Enfeeble                 Hex            1%         N/A       100%        7
 Ozocubu's Refrigeration  Ice            1%         4d7       100%        7
 Borgnjor's Revivificati  Necr           1%         N/A       100%        8
 Disjunction              Tloc           1%         N/A       100%        8
 Ignition                 Fire           1%         3d3       100%        8
 Lehudib's Crystal Spear  Conj/Erth      2%         10d2      100%        8
 Maxwell's Capacitive Co  Air            1%         ∞         100%        8
 Polar Vortex             Ice            1%         N/A       100%        9
 Summon Small Mammal      Summ           Unusable   N/A       N/A         1
 Call Canine Familiar     Summ           Unusable   N/A       N/A         3
 Animate Dead             Necr           Unusable   N/A       N/A         4
 Summon Ice Beast         Ice/Summ       Unusable   N/A       N/A         4
 Summon Forest            Summ/Tloc      Unusable   N/A       N/A         5
 Death Channel            Necr           Unusable   N/A       N/A         6
 Simulacrum               Ice/Necr       Unusable   N/A       N/A         6
 Summon Hydra             Summ           Unusable   N/A       N/A         7
 Infestation              Necr           Unusable   N/A       N/A         8
 Dragon's Call            Summ           Unusable   N/A       N/A         9

Dungeon Overview and Level Annotations

Branches:
Dungeon (15/15)            Temple (1/1) D:4            Lair (5/5) D:10
  Swamp (4/4) Lair:2        Snake (4/4) Lair:3        Slime (5/5) Lair:4
    Orc (2/2) D:10            Elf (3/3) Orc:2        Vaults (5/5) D:14
  Crypt (3/3) Vaults:3       Tomb (0/3) Crypt:3      Depths (4/4) D:15
   Hell (visited)             Dis (0/7) Hell            Geh (0/7) Hell
    Coc (0/7) Hell            Tar (0/7) Hell            Zot (5/5) Depths:4
  IceCv (visited)          WizLab (visited)

Altars:
Ashenzari
Cheibriados
Dithmenos
Elyvilon
Fedhas
Gozag
Hepliaklqana
Kikubaaqudgha
Makhleb
Nemelex Xobeh
Okawaru
Qazlal
Ru
Sif Muna
Trog
Uskayaw
Vehumet
Wu Jian
Xom
Yredelemnul
Zin
The Shining One
Jiyva

Shops:
D:4 [   Orc:1 =[   Orc:2 :[*(   Elf:1 (:   Snake:4 (*(*   Vaults:1 [
Vaults:2 :!   Vaults:4 [

Portals:
Hell: Depths:1 Depths:2 Depths:3 Depths:4
Abyss: D:3 Depths:3 Depths:4
Pandemonium: Depths:2


Innate Abilities, Weirdness & Mutations

You have a pair of large horns on your head.
You reflexively headbutt those who attack you in melee.
You are partially covered in large bone plates. (SH +4)
You have supernaturally acute eyesight. (SInv)
You are agile. (Dex +4, Str/Int -1)
You passively dampen the noise of your surroundings.


Message History

You feel extremely strange.
You feel stupid.
You no longer become unable to read scrolls after taking damage.
Your talons dull and shrink into feet.
You feel less in control of your magic.
Large bone plates grow over parts of your arms.
You feel resistant to heat.
Unknown command.
Unknown command.
You feel extremely strange.
You regain control of your magic.
Your iridescent scales disappear.
You no longer feel heat resistant.
Your vision sharpens.
The horns on your head grow some more.
Your +2 hat of see invisible falls away!
You feel agile.
You feel your surroundings grow quieter.
Unknown command.
Unknown command.
Unknown command.
You fade into invisibility!
You feel very mighty all of a sudden.
You feel yourself speed up.
You feel very buoyant.
You fly up into the air.
Unknown command.
Unknown command.
You feel protected.
Unknown command.
Okay, then.
Unknown command.
You gain the combat prowess of a mighty hero.
You can now deal lightning-fast blows.
Unknown command.
Unknown command.
Unknown command.
Unknown command.
Unknown command.
A red film seems to cover your vision as you go berserk!
Your finesse ends abruptly.
You feel yourself moving faster!
You feel mighty!
You feel a strong urge to attack something.
You have escaped!

#.###......#......#..####..#
#..##......#...............#
#####..#.....###.....##.####.##
#............# #.............#.
#...........## ##............#.
###########'#####'##########...
###..### ##....)## ###..###
..#....### ##.....## ###....#
#.#......####...@...####......#
#.#.[......##.......##........#
#.####.....###.....###.....####
#[# #.....# ###'### #.......# #.#
#....## ##.## ##....#.# ..#
#....# ###...### #....#.##
######...####.......####...#..#
....##...##...........##...##.###
###.##..#.....###.......#..##....


There were no monsters in sight!

Vanquished Creatures
  Dissolution (Slime:1)
  the Royal Jelly (Slime:5)
  2 pandemonium lords
  5 dread liches
  5 ancient liches
  2 orbs of fire (Zot:5)
  Khufu (Crypt:3)
  Mennas (Depths:4)
  A juggernaut (Depths:2)
  2 royal mummies (Crypt:3)
  The ghost of Uweetenk the Hoplite, a veteran AtFi of Ashenzari (Zot:2)
  Frederick (Crypt:3)
  Sojobo (Crypt:3)
  12 Killer Klowns
  Vv (Zot:1)
  3 curse toes
  Geryon (Hell)
  A profane servitor (Abyss:4)
  16 golden dragons
  Norris (Elf:2)
  2 caustic shrikes
  Nikola (Snake:3)
  4 bone dragons
  A Hellbinder (WizLab)
  Jory (Depths:3)
  A Brimstone Fiend (D:1)
  A hellephant (Hell)
  A Tzitzimitl (D:8)
  2 electric golems (Zot:5)
  3 walking crystal tomes
  An Ice Fiend (D:14)
  Jorgrun (Elf:1)
  The ghost of hitsuchi the Ninja, a veteran SpEn of Dithmenos (Zot:5)
  10 liches
  29 Orb Guardians
  A Hell Sentinel (Abyss:4)
  A walking earthen tome (Depths:3)
  A searing wretch (Zig:3)
  A tainted leviathan (Zig:6)
  21 tentacled monstrosities
  A walking frostbound tome (Depths:2)
  24 acid blobs
  Asterion (Snake:4)
  5 quicksilver dragons
  4 deep elf blademasters
  3 titans
  9 death cobs
  5 ancient champions
  3 Executioners (Abyss:2)
  2 deep elf master archers (Elf:3)
  11 sphinxes
  Murray (Depths:4)
  20 tentacled starspawn
  A thorn hunter (Zig:9)
  14 storm dragons
  11 shadow dragons
  9 tengu reavers
  Agnes (Elf:2)
  Donald (Vaults:4)
  The ghost of Kiciri the Metamorph, an adept FeCj of Vehumet (Vaults:3)
  3 daevas
  A fenstrider witch (Zig:9)
  8 draconian monks
  17 rockslimes
  5 revenants
  17 fire giants
  13 nagarajas
  17 azure jellies
  A frost giant (shapeshifter) (Vaults:5)
  5 draconian knights
  6 iron dragons
  7 frost giants
  16 vault wardens
  4 balrugs
  A spectral caustic shrike (Crypt:3)
  6 draconian scorchers
  6 ghost moths
  4 deep elf sorcerers (Elf:3)
  The ghost of Kiciri the Stormcaller, an adept TeAE of Vehumet (Elf:2)
  4 deep elf elementalists (Elf:3)
  4 cacodemons
  A juggernaut zombie (Abyss:4)
  6 orc warlords
  A shard shrike simulacrum (Abyss:4)
  6 draconian annihilators
  A demonspawn blood saint (WizLab)
  4 draconian stormcallers
  3 curse skulls
  33 very ugly things
  7 draconian shifters
  An angel (Abyss:4)
  24 ironbound preservers
  A war gargoyle (Vaults:4)
  20 ghouls
  10 quicksilver oozes
  An ophan (Abyss:4)
  9 reapers
  5 spriggan defenders
  24 stone giants
  11 ironbound thunderhulks
  7 formless jellyfish
  3 putrid mouths (Zig:6)
  10 vampire knights
  13 green draconians
  Nessos (Lair:4)
  16 black draconians
  9 red draconians
  A lorocyproca (Abyss:3)
  9 purple draconians
  8 dire elephants
  2 dire elephants (shapeshifter) (Zig:8)
  6 deep elf annihilators
  11 yellow draconians
  85 starcursed masses
  6 deep elf demonologists
  3 eleionomae
  3 bunyips
  3 spark wasps
  15 white draconians
  11 eidola
  An acid blob zombie (Crypt:1)
  3 green deaths
  3 spectral quicksilver dragons (Crypt:3)
  6 blizzard demons
  3 iron golems (Hell)
  8 ettins
  The ghost of niknal the Basher, a journeyman TrWr of Hepliaklqana (Lair:3)
  13 fire dragons
  12 deep elf death magi
  3 crystal guardians
  2 spectral spriggans (Crypt:3)
  14 great orbs of eyes
  2 entropy weavers
  8 jiangshi
  Fannar (D:11)
  3 shambling mangroves
  A kraken zombie (Hell)
  14 yaktaur captains
  8 ice dragons
  10 rakshasas
  2 hell beasts
  32 vault guards
  2 catoblepae
  4 peacekeepers
  12 centaur warriors
  10 deep elf high priests
  A quicksilver dragon skeleton (Crypt:3)
  26 hydras
  6 salamander tyrants
  7 ironbound frosthearts
  An anaconda (shapeshifter) (Vaults:3)
  12 alligators
  A ghost crab (Swamp:4)
  A catoblepas (shapeshifter) (Zot:1)
  3 caustic shrike simulacra
  A spectral stone giant (Crypt:3)
  3 spriggan air magi
  32 dancing weapons
  10 anacondas
  A fenstrider witch skeleton (Abyss:2)
  4 ogre magi
  A spectral frost giant (Zig:6)
  4 death knights
  6 boulder beetles
  A juggernaut simulacrum (Abyss:4)
  6 two-headed ogres
  5 hell hogs
  A spectral dire elephant (Crypt:3)
  6 tengu warriors
  17 naga warriors
  A shock serpent (shapeshifter) (Zig:8)
  2 demonic crawlers
  Urug (Orc:2)
  9 spriggan berserkers
  A bennu skeleton (Crypt:2)
  3 orc high priests
  A spectral naga (Crypt:3)
  13 naga sharpshooters
  9 deep troll earth magi
  2 deep troll shamans
  10 shock serpents
  21 deep elf knights
  17 thrashing horrors
  11 soul eaters
  11 vampire magi
  6 spectral storm dragons (Crypt:3)
  8 sun demons
  An emperor scorpion zombie (Crypt:2)
  A hell knight (Depths:3)
  A titan zombie (Crypt:3)
  4 sixfirhies
  6 shadow wraiths
  A titan skeleton (Depths:3)
  A crystal echidna (Hell)
  Amaemon (D:8)
  24 wretched stars
  2 anaconda zombies (Hell)
  31 skeletal warriors
  9 iron trolls
  5 spatial maelstroms
  2 spectral anacondas (Crypt:3)
  5 salamander mystics
  5 skysharks
  16 flayed ghosts
  2 golden dragon zombies (Depths:3)
  5 sea snakes (Snake:4)
  10 swamp dragons
  An orb spider (shapeshifter) (Vaults:5)
  5 spriggan druids
  11 bog bodies
  An orange crystal statue (Hell)
  8 glowing orange brains
  5 goliath frogs
  13 spriggan simulacra
  56 deep trolls
  An obsidian statue (IceCv)
  75 slime creatures
  Pikel (D:7)
  3 spectral hydras
  An iron giant skeleton (Crypt:3)
  12 wizards
  A steelbarb worm (shapeshifter) (Vaults:5)
  3 shadow demons
  An anaconda skeleton (Crypt:1)
  9 orc knights
  5 naga ritualists
  14 deep elf archers
  9 phantasmal warriors
  26 ironbound convokers
  7 orc sorcerers
  A stone giant zombie (Vaults:1)
  32 deep elf pyromancers
  6 necromancers
  An iron dragon zombie (Crypt:2)
  3 shining eyes
  30 deep elf zephyrmancers
  13 harpies
  A frost giant zombie (Crypt:3)
  12 worldbinders
  7 mana vipers
  7 cyclopes
  A shining eye (shapeshifter) (Zig:7)
  44 ugly things
  An oklob plant (Lair:3)
  6 will-o-the-wisps
  19 salamanders
  A centaur zombie (Crypt:2)
  2 spectral centaurs (Crypt:3)
  A faun (shapeshifter) (Vaults:4)
  4 manticores
  A sphinx skeleton (Vaults:5)
  26 moths of wrath
  A frost giant skeleton (Depths:3)
  22 elephants
  2 guardian serpents (shapeshifter)
  2 rust devils (WizLab)
  13 vault sentinels
  A naga zombie (Crypt:2)
  35 black mambas
  4 apocalypse crabs
  14 naga magi
  A cane toad (shapeshifter) (Zot:1)
  Maurice (D:8)
  30 smoke demons
  2 molten gargoyles (Hell)
  10 guardian serpents
  A storm dragon simulacrum (Crypt:3)
  An ice statue (Hell)
  A red draconian zombie (Crypt:2)
  13 orange demons
  2 rime drakes
  Maggie (D:7)
  A centaur skeleton (Abyss:2)
  22 cane toads
  2 komodo dragons (shapeshifter)
  A yaktaur zombie (Vaults:1)
  6 eyes of devastation
  2 unseen horrors (Abyss:2)
  An alligator snapping turtle zombie (Crypt:2)
  3 kobold demonologists
  8 yaktaurs
  2 hellions
  10 komodo dragons
  A sea snake zombie (Hell)
  5 efreet
  23 freezing wraiths
  2 yaktaurs (shapeshifter)
  2 tengu conjurers
  2 anaconda simulacra (IceCv)
  12 ancient zymes
  6 red devils
  A tormentor (Abyss:4)
  A golden dragon simulacrum (IceCv)
  15 ice devils
  A catoblepas skeleton (Crypt:1)
  A guardian mummy (Crypt:1)
  A sea snake skeleton (Hell)
  A burning bush (Lair:1)
  9 trolls
  A harpy zombie (Abyss:2)
  6 polar bears
  9 meliai
  A bloated husk (Swamp:1)
  2 queen bees
  49 raiju
  A silent spectre (Abyss:4)
  Prince Ribbit (D:9)
  A meliai (shapeshifter) (Abyss:4)
  24 hornets
  8 hellwings
  A harpy skeleton (Crypt:2)
  14 tyrant leeches
  34 blink frogs
  An ettin zombie (Crypt:1)
  2 hydra skeletons (Hell)
  A dream sheep (shapeshifter) (Zig:8)
  7 dream sheep (Lair:5)
  An ice dragon zombie (Crypt:1)
  Sigmund (D:4)
  A spectral black mamba (Lair:3)
  A slime creature (shapeshifter) (Vaults:5)
  2 air elementals
  3 dire elephant simulacra
  7 flying skulls
  An ettin skeleton (Vaults:5)
  10 water elementals
  12 wraiths
  A satyr skeleton (Crypt:1)
  5 vampires
  17 ynoxinuls
  63 large abominations
  A fire dragon skeleton (Crypt:2)
  A fire bat (Abyss:4)
  A black mamba skeleton (Crypt:2)
  4 shadows
  8 basilisks
  2 fire elementals
  A hog (shapeshifter) (Elf:2)
  27 spriggans
  An elf zombie (Vaults:5)
  Grum (D:8)
  An alligator snapping turtle simulacrum (Crypt:3)
  4 wyverns
  46 yaks
  Eustachio (D:4)
  A spectral komodo dragon (Lair:3)
  10 minotaur simulacra
  2 golden eyes (Slime:1)
  A redback (shapeshifter) (Vaults:5)
  14 vampire mosquitoes
  A sea snake simulacrum (Hell)
  2 redbacks
  20 chaos spawn
  17 neqoxecs
  6 wargs
  A death yak simulacrum (Lair:3)
  A steam dragon (D:9)
  15 swamp worms
  10 spatial vortices
  4 acid dragons
  46 nagas
  4 human zombies
  4 harpy simulacra
  A swamp worm (shapeshifter) (Vaults:5)
  12 hell hounds
  17 water moccasins
  Duvessa (D:5)
  34 orc warriors
  A floating eye (Depths:1)
  3 hydra simulacra
  A floating eye (shapeshifter) (Vaults:2)
  A cane toad skeleton (Crypt:3)
  3 ice beasts
  4 swamp drakes (Swamp:4)
  2 alligator simulacra (IceCv)
  4 sky beasts
  5 black bears
  12 ogres
  An ettin simulacrum (IceCv)
  3 boggarts (Lair:5)
  3 human skeletons
  A black mamba simulacrum (Lair:3)
  12 centaurs
  29 wolves
  37 small abominations
  7 kobold brigands
  23 bullfrogs
  5 earth elementals
  6 necrophages
  3 scorpions
  10 deep troll simulacra
  4 gnoll sergeants
  Dowan (D:5)
  5 wights (D:9)
  The ghost of jaspen the Trooper, a weakling MiFi (D:3)
  32 killer bees
  A shapeshifter skeleton (Crypt:1)
  A howler monkey (D:9)
  A torpor snail simulacrum (Lair:3)
  A crimson imp (Abyss:3)
  2 jellies
  8 quasits
  A wolf skeleton (Crypt:2)
  2 hounds
  28 orc priests
  Crazy Yiuf (D:4)
  A gnoll bouda (D:6)
  Ijyb (D:5)
  Terence (D:3)
  An iguana (D:6)
  31 orc wizards
  16 hell rats
  A hound zombie (Crypt:2)
  8 mummies
  24 gnolls
  An adder (shapeshifter) (Depths:2)
  14 adders
  15 river rats (Lair:2)
  A steam dragon skeleton (Crypt:1)
  A swamp drake skeleton (Crypt:2)
  A shadow imp (Abyss:4)
  10 white imps
  10 ufetubi
  A lava snake zombie (Crypt:3)
  A worm (D:2)
  2 dart slugs
  72 orcs
  9 endoplasms
  9 giant cockroaches
  12 goblins
  8 hobgoblins
  20 kobolds
  8 quokkas
  13 ball pythons
  11 bats
  4 frilled lizards
  An orc skeleton (Crypt:3)
  22 rats
  5 lurking horrors
  18 starspawn tentacles
  2 tentacles (Hell)
3414 creatures vanquished.

Vanquished Creatures (others)
  A lich (Vaults:5)
  A green draconian (Abyss:3)
  A hydra (Swamp:4)
  A thrashing horror (Abyss:2)
  A deep elf knight (Elf:2)
  A bloated husk (Swamp:2)
  A hornet (Swamp:4)
  2 blink frogs (Lair:4)
  A spriggan (Swamp:4)
  A chaos spawn (Abyss:4)
  3 swamp drakes (Swamp:4)
  A quasit (Abyss:4)
  A small abomination (Abyss:4)
  4 orc wizards
  An orc (D:13)
  20 foxfires
  22 starspawn tentacles
  2 tentacles (Hell)
65 creatures vanquished.

Grand Total: 3479 creatures vanquished

Notes
Turn   | Place    | Note
-------+----------+-------------------------------------------
     0 | D:1      | jaspen the Minotaur Fighter began the quest for the Orb.
     0 | D:1      | Reached XP level 1. HP: 19/19 MP: 0/0
   141 | D:1      | Reached XP level 2. HP: 27/27 MP: 1/1
   200 | D:1      | Reached skill level 1 in Dodging
   349 | D:1      | Found a faded altar of an unknown god.
   396 | D:1      | Reached XP level 3. HP: 31/33 MP: 2/2
   992 | D:2      | Reached XP level 4. HP: 40/40 MP: 3/3
   992 | D:2      | Noticed a gnoll sergeant
  1022 | D:2      | Killed a gnoll sergeant
  1025 | D:2      | Reached XP level 5. HP: 9/47 MP: 4/4
  1192 | D:2      | Found the +5 woodcutter's axe
  1597 | D:3      | Noticed Terence
  1602 | D:3      | Killed Terence
  1732 | D:3      | Reached skill level 5 in Armour
  1732 | D:3      | Reached XP level 6. HP: 38/55 MP: 5/5
  1912 | D:3      | Found a transporter.
  1914 | D:3      | Found a transporter.
  1914 | D:3      | Found a one-way gate to the infinite horrors of the Abyss.
  1914 | D:3      | Noticed jaspen's ghost (weakling MiFi)
  1982 | D:3      | Found the +8 demon trident "Rift" {distort, reach+}
  1982 | D:3      | Noticed a small abomination
  2145 | D:3      | Reached skill level 5 in Fighting
  2149 | D:3      | Reached skill level 5 in Shields
  2457 | D:3      | Killed a small abomination
  2458 | D:3      | Reached XP level 7. HP: 39/61 MP: 6/6
  2471 | D:3      | Killed jaspen's ghost
  2653 | D:4      | Found Ninwoptu's Antique Armour Shop.
  2776 | D:4      | Found a staircase to the Ecumenical Temple.
  2785 | Temple   | Entered the Ecumenical Temple
  2804 | D:4      | Reached skill level 5 in Axes
  2825 | D:4      | Noticed Sigmund
  2831 | D:4      | Killed Sigmund
  2856 | D:4      | Found a runed translucent door.
  2857 | D:4      | Noticed Crazy Yiuf
  2866 | D:4      | Killed Crazy Yiuf
  3110 | D:4      | Noticed Eustachio
  3120 | D:4      | Killed Eustachio
  3121 | D:4      | Reached XP level 8. HP: 34/70 MP: 7/7
  3395 | D:5      | Entered Level 5 of the Dungeon
  3395 | D:5      | Noticed Ijyb
  3400 | D:5      | Killed Ijyb
  3542 | D:5      | Noticed Duvessa
  3543 | D:5      | Noticed Dowan
  3549 | D:5      | Killed Duvessa
  3557 | D:5      | Reached skill level 5 in Dodging
  3560 | D:5      | Killed Dowan
  3669 | D:5      | Found a broken altar of Ashenzari.
  3718 | D:5      | Identified the +8 trident "Oxoeluci" {spect, rPois rF+}
  4095 | D:5      | Found a sacrificial altar of Ru.
  4097 | D:5      | Found a shadowy altar of Dithmenos.
  4110 | D:5      | Found an iron altar of Okawaru.
  4118 | D:5      | Became a worshipper of Warmaster Okawaru
  4124 | D:5      | Found a snail-covered altar of Cheibriados.
  4137 | D:5      | Found a bloodstained altar of Trog.
  4212 | D:4      | Bought a pair of dazzling boots for 266 gold pieces
  4212 | D:4      | Identified the +1 pair of boots "Tisiymp Quno" {rN+} (You
                  | bought it in a shop on level 4 of the Dungeon)
  4347 | D:6      | Reached XP level 9. HP: 76/79 MP: 8/8
  4604 | D:6      | Noticed a komodo dragon
  4607 | D:6      | Killed a komodo dragon
  4607 | D:6      | Reached * piety under Okawaru
  5035 | D:7      | Noticed Pikel
  5041 | D:7      | Killed Pikel
  5041 | D:7      | Reached ** piety under Okawaru
  5122 | D:7      | Identified the +0 leather armour of Sejai {rF+ rCorr}
  5133 | D:7      | Identified a scroll of acquirement
  5133 | D:7      | Acquired 1150 gold pieces
  5454 | D:7      | Noticed Maggie
  5463 | D:7      | Killed Maggie
  5464 | D:7      | Reached XP level 10. HP: 88/90 MP: 9/9
  5682 | D:8      | Reached skill level 1 in Polearms
  5694 | D:8      | Noticed an orange demon
  5695 | D:8      | Noticed Amaemon
  5696 | D:8      | Found a shimmering altar of Xom.
  5712 | D:8      | Killed Amaemon
  5712 | D:8      | Reached *** piety under Okawaru
  5717 | D:8      | Killed an orange demon
  5718 | D:8      | Reached skill level 5 in Polearms
  5789 | D:8      | Noticed Grum
  5816 | D:8      | Killed Grum
  5959 | D:8      | Reached **** piety under Okawaru
  6236 | D:8      | Noticed Maurice
  6261 | D:8      | Killed Maurice
  6491 | D:8      | Reached skill level 10 in Polearms
  6584 | D:9      | Noticed a two-headed ogre
  6590 | D:9      | Killed a two-headed ogre
  6590 | D:9      | Reached ***** piety under Okawaru
  6606 | D:9      | Noticed Prince Ribbit
  6616 | D:9      | Killed Prince Ribbit
  6617 | D:9      | Reached XP level 11. HP: 95/95 MP: 10/10
  6674 | D:9      | Noticed a soul eater
  6712 | D:9      | Received a gift from Okawaru
  6842 | D:9      | Gained mutation: Your system is resistant to poisons.
                  | (rPois) [potion of mutation]
  6842 | D:9      | Gained mutation: You have sharp toenails. [potion of
                  | mutation]
  6842 | D:9      | Gained mutation: You are robust. (+10% HP) [potion of
                  | mutation]
  7176 | D:9      | Noticed a purple ugly thing
  7176 | D:9      | Noticed a brown ugly thing
  7216 | D:9      | Killed a brown ugly thing
  7254 | D:9      | Killed a purple ugly thing
  7304 | D:9      | Noticed an ogre mage
  7313 | D:9      | Killed an ogre mage
  7338 | D:9      | Identified the +1 scale mail of the Bright Alphagorgon
                  | {Rampage rC+ rCorr Str+4}
  7349 | D:9      | Reached skill level 10 in Armour
  7463 | D:9      | Noticed a boulder beetle
  7477 | D:9      | Found the ring of the Hare {EV+10}
  7491 | D:9      | Killed a boulder beetle
  7491 | D:9      | Identified the +1 kite shield of the Cartwright {Regen+
                  | Dex+3} (Okawaru gifted it to you on level 9 of the Dungeon)
  7491 | D:9      | Received a gift from Okawaru
  7492 | D:9      | Reached skill level 10 in Fighting
  7492 | D:9      | Reached skill level 10 in Shields
  7579 | D:10     | Entered Level 10 of the Dungeon
  7647 | D:10     | Reached ****** piety under Okawaru
  7779 | D:10     | Noticed a two-headed ogre
  7791 | D:10     | Killed a two-headed ogre
  7872 | D:10     | Found a staircase to the Orcish Mines.
  7903 | D:10     | Reached XP level 12. HP: 116/116 MP: 11/11
  7993 | D:10     | Found a staircase to the Lair.
  8055 | D:10     | Noticed a centaur warrior
  8066 | D:10     | Killed a centaur warrior
  8399 | D:11     | Noticed Fannar
  8420 | D:11     | Killed Fannar
  8441 | D:11     | Noticed a boulder beetle
  8461 | D:11     | Killed a boulder beetle
  8540 | D:11     | Noticed a boulder beetle
  8585 | D:11     | Killed a boulder beetle
  8750 | D:11     | Noticed a boulder beetle
  8795 | D:11     | Killed a boulder beetle
  9347 | D:12     | Noticed a two-headed ogre
  9355 | D:12     | Killed a two-headed ogre
  9355 | D:12     | Identified the +1 cloak of the Thirteen Lives {Int+2}
                  | (Okawaru gifted it to you on level 12 of the Dungeon)
  9355 | D:12     | Received a gift from Okawaru
  9487 | D:12     | Found Ruveonix's Distillery.
  9491 | D:12     | Bought a potion of magic for 128 gold pieces
  9491 | D:12     | Bought a potion of mutation for 128 gold pieces
  9491 | D:12     | Bought a potion of curing for 48 gold pieces
  9491 | D:12     | Bought a potion of enlightenment for 80 gold pieces
  9491 | D:12     | Bought 2 potions of might for 128 gold pieces
  9491 | D:12     | Bought a potion of curing for 48 gold pieces
  9491 | D:12     | Bought 2 potions of curing for 96 gold pieces
  9491 | D:12     | Bought a potion of heal wounds for 80 gold pieces
  9640 | D:13     | Noticed a centaur warrior
  9647 | D:13     | Reached skill level 10 in Dodging
  9667 | D:13     | Killed a centaur warrior
  9717 | D:13     | Noticed a tengu warrior
  9718 | D:13     | Noticed a tengu warrior
  9727 | D:13     | Killed a tengu warrior
  9740 | D:13     | Killed a tengu warrior
  9741 | D:13     | Reached XP level 13. HP: 128/128 MP: 12/12
 10377 | D:14     | Found a gate to the Vaults.
 10458 | D:14     | Received a gift from Okawaru
 11063 | Lair:1   | Entered Level 1 of the Lair of Beasts
 11099 | Lair:1   | Received a gift from Okawaru
 12149 | Lair:2   | Identified the +16 gold dragon scales of the Saviour {rPois
                  | rF+ rC+ Regen+ Str+3} (Okawaru gifted it to you on level 2
                  | of the Lair of Beasts)
 12149 | Lair:2   | Received a gift from Okawaru
 12250 | Lair:2   | Reached XP level 14. HP: 139/139 MP: 13/13
 12468 | Lair:2   | Found a staircase to the Swamp.
 13403 | Lair:3   | Found a staircase to the Snake Pit.
 13729 | Lair:3   | Identified the +5 demon trident "Ofuarir" {venom, rC+
                  | Dex+2} (Okawaru gifted it to you on level 3 of the Lair of
                  | Beasts)
 13729 | Lair:3   | Received a gift from Okawaru
 13860 | Lair:3   | Found a runed translucent gate.
 13860 | Lair:3   | Found a runed translucent gate.
 13866 | Lair:3   | Found a runed translucent gate.
 13875 | Lair:3   | Noticed niknal's ghost (journeyman TrWr)
 13917 | Lair:3   | Killed niknal's ghost
 14591 | Lair:4   | Received a gift from Okawaru
 14657 | Lair:4   | Noticed Nessos
 14722 | Lair:4   | Killed Nessos
 15011 | Lair:4   | Reached skill level 15 in Polearms
 15379 | Lair:4   | Found a viscous altar of Jiyva.
 15380 | Lair:4   | Found a staircase to the Slime Pits.
 15422 | Lair:5   | Entered Level 5 of the Lair of Beasts
 15510 | Lair:5   | Reached XP level 15. HP: 151/151 MP: 14/14
 15519 | Lair:5   | Identified the +0 sling of Certain Death {flame, rCorr
                  | Int+3 Dex+3}
 15523 | Lair:5   | Got the Codex of Baneful Arcane Combat
 16669 | Orc:1    | Entered Level 1 of the Orcish Mines
 16688 | Orc:1    | Found Hafipn's Jewellery Boutique.
 16696 | Orc:1    | Bought a +4 ring of slaying for 936 gold pieces
 16932 | Orc:1    | Lost mutation: You are robust. (+10% HP) [a neqoxec]
 16933 | Orc:1    | Identified the +8 chain mail of the Imp {Regen+} (Okawaru
                  | gifted it to you on level 1 of the Orcish Mines)
 16933 | Orc:1    | Received a gift from Okawaru
 17168 | Orc:1    | Found Zukir's Armour Emporium.
 17267 | Orc:2    | Entered Level 2 of the Orcish Mines
 17269 | Orc:2    | Found a staircase to the Elven Halls.
 17504 | Orc:2    | Reached skill level 15 in Armour
 17711 | Orc:2    | Reached skill level 15 in Shields
 17763 | Orc:2    | Reached skill level 15 in Fighting
 17789 | Orc:2    | Noticed Urug
 17838 | Orc:2    | Killed Urug
 17971 | Orc:2    | Found Yleuve's General Store.
 17978 | Orc:2    | Bought a scroll of fear for 48 gold pieces
 18128 | Orc:2    | Found Ceoff's Antique Armour Shop.
 18199 | Orc:2    | Found Miumpo Luuh's Book Shop.
 18213 | Orc:2    | Found Ewkegh's Antique Weapon Shop.
 18452 | D:15     | Entered Level 15 of the Dungeon
 18956 | D:15     | Found a staircase to the Depths.
 18971 | D:15     | Reached XP level 16. HP: 149/149 MP: 15/15
 19379 | Snake:1  | Entered Level 1 of the Snake Pit
 19558 | Depths:1 | Entered Level 1 of the Depths
 19650 | Depths:1 | Identified the +1 crystal plate armour of the Tundras
                  | {*Corrode Drain Regen+ Int+8} (Okawaru gifted it to you on
                  | level 1 of the Depths)
 19650 | Depths:1 | Received a gift from Okawaru
 19796 | Depths:1 | Noticed a sphinx
 19814 | Depths:1 | Paralysed by a sphinx for 4 turns
 19827 | Depths:1 | Killed a sphinx
 19896 | Depths:1 | Found a one-way gateway to a ziggurat.
 20225 | Depths:1 | Paralysed by a floating eye for 2 turns
 20235 | Depths:1 | Paralysed by a floating eye for 2 turns
 20377 | Depths:1 | Found a burning altar of Makhleb.
 20424 | Depths:1 | Found a gateway to Hell.
 20534 | Depths:2 | Noticed a walking crystal tome
 20608 | Depths:2 | Found a one-way gate leading to the halls of Pandemonium.
 20620 | Depths:2 | Noticed a tentacled monstrosity
 20625 | Depths:2 | Noticed a sphinx
 20626 | Depths:2 | Killed a tentacled monstrosity
 20628 | Depths:2 | Noticed a golden dragon
 20628 | Depths:2 | Noticed a sphinx
 20630 | Depths:2 | Noticed a titan
 20635 | Depths:2 | Killed a sphinx
 20640 | Depths:2 | Killed a golden dragon
 20641 | Depths:2 | Noticed a golden dragon
 20642 | Depths:2 | Killed a sphinx
 20642 | Depths:2 | Identified the scarf of Nusuxemm {repulsion, rPois Will+++
                  | rCorr Slay-3} (Okawaru gifted it to you on level 2 of the
                  | Depths)
 20642 | Depths:2 | Received a gift from Okawaru
 20649 | Depths:2 | Killed a titan
 20653 | Depths:2 | Killed a golden dragon
 20658 | Depths:2 | Noticed a tentacled monstrosity
 20671 | Depths:2 | Killed a tentacled monstrosity
 20675 | Depths:2 | Noticed a golden dragon
 20699 | Depths:2 | Killed a golden dragon
 20706 | Depths:2 | Noticed a quicksilver dragon
 20714 | Depths:2 | Noticed a caustic shrike
 20722 | Depths:2 | Killed a caustic shrike
 20751 | Depths:2 | Noticed a walking frostbound tome
 20759 | Depths:2 | Killed a walking frostbound tome
 20760 | Depths:2 | Reached XP level 17. HP: 143/159 MP: 16/16
 20787 | Depths:2 | Reached skill level 15 in Dodging
 20821 | Depths:2 | Found a magical portal.
 20826 | WizLab   | Entered The Hall of the Hellbinder
 20987 | WizLab   | Gained mutation: Armour fits poorly on your strangely
                  | shaped body. [a cacodemon]
 21004 | WizLab   | Gained mutation: You are clumsy. (Dex -2) [a cacodemon]
 21008 | WizLab   | Gained mutation: Your body sometimes deteriorates upon
                  | taking damage. [a cacodemon]
 21059 | WizLab   | Received a gift from Okawaru
 21140 | WizLab   | Identified the +3 lajatang of Quick Death {vamp, rElec rC-
                  | rCorr Dex+4}
 21140 | WizLab   | Noticed Kokad
 21145 | WizLab   | Noticed a Brimstone Fiend
 21156 | WizLab   | Noticed a Hell Sentinel
 21170 | WizLab   | Found a burning altar of Makhleb.
 21180 | WizLab   | Killed Kokad the Hellbinder
 21259 | WizLab   | Identified the +7 lajatang of Trog's Indignation {heavy,
                  | Str+4 Stlth+}
 21555 | Depths:2 | Noticed a golden dragon
 21560 | Depths:2 | Killed a golden dragon
 21761 | Depths:2 | Killed a walking crystal tome
 21761 | Depths:2 | Received a gift from Okawaru
 21775 | Depths:2 | Noticed a lich
 21779 | Depths:2 | Killed a quicksilver dragon
 21789 | Depths:2 | Killed a lich
 22098 | Depths:2 | Identified the ring of Disaster {rN+ Str+4}
 22160 | Depths:2 | Noticed a lich
 22168 | Depths:2 | Killed a lich
 22194 | Depths:2 | Identified the +7 orcbow of Petafius {drain, rF+ Dex+3}
 22458 | Depths:2 | Noticed a juggernaut
 22476 | Depths:2 | Killed a juggernaut
 22476 | Depths:2 | Received a gift from Okawaru
 23121 | Snake:1  | Reached XP level 18. HP: 170/170 MP: 17/17
 23567 | Snake:2  | Received a gift from Okawaru
 23583 | Snake:2  | Found a frozen archway.
 23613 | Snake:2  | Identified the +5 trident of Ascent {vamp, Int+3 Dex+4}
                  | (Okawaru gifted it to you on level 2 of the Snake Pit)
 23613 | Snake:2  | Received a gift from Okawaru
 23624 | IceCv    | Entered an ice cave
 24632 | Snake:2  | Received a gift from Okawaru
 25645 | Snake:3  | Noticed Nikola
 25666 | Snake:3  | Killed Nikola
 26146 | Snake:4  | Entered Level 4 of the Snake Pit
 26274 | Snake:4  | Found Uny Ostro's General Store.
 26276 | Snake:4  | Found Gifuq's Antique Weapon Shoppe.
 26276 | Snake:4  | Found Maukhu's Assorted Antiques.
 26281 | Snake:4  | Bought a potion of might for 64 gold pieces
 26282 | Snake:4  | Found Xoilu's Weapon Emporium.
 26289 | Snake:4  | Bought a potion of heal wounds for 115 gold pieces
 26289 | Snake:4  | Bought a scroll of fear for 92 gold pieces
 26289 | Snake:4  | Bought a potion of curing for 69 gold pieces
 26367 | Snake:4  | Received a gift from Okawaru
 26794 | Snake:4  | Noticed Asterion
 26808 | Snake:4  | Killed Asterion
 26907 | Snake:4  | Reached XP level 19. HP: 181/181 MP: 18/18
 27265 | Snake:4  | Got a serpentine rune of Zot
 27731 | Swamp:1  | Entered Level 1 of the Swamp
 27735 | Swamp:1  | Identified the +3 chain mail of Immorality {Int+7} (Okawaru
                  | gifted it to you on level 1 of the Swamp)
 27735 | Swamp:1  | Received a gift from Okawaru
 27752 | Swamp:1  | Acquired 1107 gold pieces
 28913 | Swamp:3  | Identified the +9 war axe "Joiriant" {antimagic, *Slow
                  | Str+4 Dex+6}
 29292 | Swamp:4  | Entered Level 4 of the Swamp
 29516 | Swamp:4  | Lost mutation: Armour fits poorly on your strangely shaped
                  | body. [potion of mutation]
 29516 | Swamp:4  | Lost mutation: You are clumsy. (Dex -2) [potion of
                  | mutation]
 29516 | Swamp:4  | Lost mutation: Your body sometimes deteriorates upon taking
                  | damage. [potion of mutation]
 29516 | Swamp:4  | Gained mutation: You possess an exceptional clarity of
                  | mind. [potion of mutation]
 29516 | Swamp:4  | Gained mutation: Your magical capacity is low. (-10% MP)
                  | [potion of mutation]
 29516 | Swamp:4  | Gained mutation: You are strong-willed. (Will+) [potion of
                  | mutation]
 29589 | Swamp:4  | Received a gift from Okawaru
 29664 | Swamp:4  | Received a gift from Okawaru
 29797 | Swamp:4  | Got a decaying rune of Zot
 30122 | Vaults:1 | Entered Level 1 of the Vaults
 30135 | Vaults:1 | Reached XP level 20. HP: 192/192 MP: 17/17
 30392 | Vaults:1 | Received a gift from Okawaru
 30611 | Vaults:1 | Identified the +0 chain mail "Dyseid" {rElec MP+9 Int-4
                  | Dex+7}
 30773 | Vaults:1 | Found Woxtoh's Armour Shop.
 31192 | Vaults:1 | You fall into a shaft and drop 1 floor!
 31658 | Vaults:2 | Found Oham's Distillery.
 31663 | Vaults:2 | Bought a potion of magic for 112 gold pieces
 31663 | Vaults:2 | Bought a potion of curing for 42 gold pieces
 31663 | Vaults:2 | Bought a potion of curing for 42 gold pieces
 31663 | Vaults:2 | Bought a potion of haste for 140 gold pieces
 32023 | Vaults:2 | Found Winnuewk's Book Emporium.
 32137 | Vaults:2 | Received a gift from Okawaru
 32911 | Vaults:3 | Found a large runed translucent door.
 32911 | Vaults:3 | Found a large runed translucent door.
 32911 | Vaults:3 | Noticed Kiciri's ghost (adept FeCj)
 33053 | Vaults:3 | Reached XP level 21. HP: 202/202 MP: 17/17
 33057 | Vaults:3 | Received a gift from Okawaru
 33261 | Vaults:3 | Found a staircase to the Crypt.
 33261 | Vaults:3 | Found a basalt altar of Yredelemnul.
 33262 | Vaults:3 | Found an ancient bone altar of Kikubaaqudgha.
 33492 | Vaults:3 | Killed Kiciri's ghost
 34037 | Vaults:4 | Found Nyel's Armour Emporium.
 34112 | Vaults:4 | Received a gift from Okawaru
 34597 | Vaults:4 | Noticed Donald
 34606 | Vaults:4 | Killed Donald
 34730 | Vaults:4 | Paralysed by a formless jellyfish for 1 turns
 34851 | Vaults:4 | Learned a level 2 spell: Passwall
 35181 | Vaults:5 | Entered Level 5 of the Vaults
 35201 | Vaults:4 | Reached skill level 1 in Transmutations
 35201 | Vaults:4 | Reached skill level 1 in Earth Magic
 35216 | Vaults:4 | Reached skill level 1 in Spellcasting
 35241 | Vaults:4 | Identified the +4 acid dragon scales of Igoij {rN+ rCorr}
                  | (Okawaru gifted it to you on level 4 of the Vaults)
 35241 | Vaults:4 | Received a gift from Okawaru
 35626 | Vaults:5 | Reached XP level 22. HP: 213/213 MP: 22/22
 35797 | Vaults:5 | Identified the +0 pearl dragon scales "Fannis" {rN+ Will+
                  | Dex+5}
 35874 | Vaults:5 | Reached skill level 5 in Earth Magic
 35894 | Vaults:5 | Reached skill level 5 in Transmutations
 36050 | Vaults:5 | Identified the +1 cloak of the Boiling Point {+Inv Str+4}
 36056 | Vaults:5 | Got the Disquisition on Hazy Arcane Weapons
 36096 | Vaults:5 | Reached skill level 5 in Spellcasting
 36107 | Vaults:5 | Received a gift from Okawaru
 36124 | Vaults:5 | Got a silver rune of Zot
 36778 | Vaults:5 | Identified the +0 plate armour of the Dwarven Hall {Drain
                  | Int+5}
 36871 | Vaults:5 | Got Sif Muna's Annotations on Stormy Teratogeny
 37132 | Elf:1    | Entered Level 1 of the Elven Halls
 37161 | Elf:1    | Paralysed by an air elemental for 1 turns
 37501 | Elf:1    | Found Gyap's One-of-a-Kind Books.
 37580 | Elf:1    | Noticed Jorgrun
 37590 | Elf:1    | Killed Jorgrun
 37601 | Elf:1    | Found Giubront's Firing Range.
 38181 | Elf:2    | Found a runed translucent door.
 38181 | Elf:2    | Noticed Kiciri's ghost (adept TeAE)
 38197 | Elf:2    | Killed Kiciri's ghost
 38275 | Elf:2    | Identified the +2 robe "Foymaecw" {Str+6 Int-4 Dex+8}
                  | (Okawaru gifted it to you on level 2 of the Elven Halls)
 38275 | Elf:2    | Received a gift from Okawaru
 38320 | Elf:2    | Found a runed translucent gate.
 38320 | Elf:2    | Found a runed translucent gate.
 38352 | Elf:2    | Found a runed translucent gate.
 38506 | Elf:2    | Noticed Norris
 38527 | Elf:2    | Killed Norris
 39026 | Elf:2    | Noticed Agnes
 39035 | Elf:2    | Killed Agnes
 39046 | Elf:2    | Reached XP level 23. HP: 222/222 MP: 26/26
 39256 | Elf:3    | Entered Level 3 of the Elven Halls
 39381 | Elf:3    | Paralysed by an air elemental for 1 turns
 39582 | Elf:3    | Received a gift from Okawaru
 39805 | Elf:3    | Identified the ring of Peac {rPois Int+4}
 39870 | Elf:3    | Identified the +1 plate armour "Ronozu" {rElec Int+3
                  | Stlth+}
 39888 | Elf:3    | Identified the +2 robe "Oronef" {Dex+2}
 39963 | Elf:3    | Identified the +6 arbalest of Circular Logic {flame, rN+
                  | Will+}
 40002 | Elf:3    | Got the Vellum of the Sun and the Mortuary
 40003 | Elf:3    | Identified the +5 ring mail "Ditam" {+Blink rElec rPois
                  | Stlth-}
 40456 | Crypt:1  | Entered Level 1 of the Crypt
 40528 | Crypt:1  | Received a gift from Okawaru
 41286 | Crypt:1  | Noticed an ancient lich
 41294 | Crypt:1  | Noticed a dread lich
 41307 | Crypt:1  | Killed an ancient lich
 41316 | Crypt:1  | Killed a dread lich
 41381 | Crypt:1  | Found the +6 Majin-Bo {spellvamp, MP+6 Int+6}
 41810 | Crypt:2  | Received a gift from Okawaru
 42091 | Crypt:2  | Reached XP level 24. HP: 234/234 MP: 26/26
 42539 | Crypt:3  | Entered Level 3 of the Crypt
 42906 | Crypt:3  | Noticed Sojobo
 42924 | Crypt:3  | Killed Sojobo
 43019 | Crypt:3  | Identified the +6 trident of Nemelex Xobeh's Grace
                  | {protect, rC- Dex+7}
 43046 | Crypt:3  | Noticed Khufu
 43046 | Crypt:3  | Noticed a royal mummy
 43046 | Crypt:3  | Noticed a royal mummy
 43055 | Crypt:3  | Found a staircase to the Tomb.
 43216 | Crypt:3  | Identified the +7 hand axe "Thing" {vamp, rF+} (Okawaru
                  | gifted it to you on level 3 of the Crypt)
 43216 | Crypt:3  | Received a gift from Okawaru
 43722 | Crypt:3  | Noticed Frederick
 44173 | Crypt:3  | Killed Khufu
 44180 | Crypt:3  | Killed a royal mummy
 44180 | Crypt:3  | Received a gift from Okawaru
 44185 | Crypt:3  | Killed a royal mummy
 44206 | Crypt:3  | Killed Frederick
 44785 | Depths:3 | Noticed Jory
 44812 | Depths:3 | Killed Jory
 44879 | Depths:3 | Identified the scarf of the Wary Eyes {harm, rPois Str+7
                  | Stlth-} (Okawaru gifted it to you on level 3 of the Depths)
 44879 | Depths:3 | Received a gift from Okawaru
 44943 | Depths:3 | Found the +1 robe of Vines {NoPotionHeal Regen++++}
 44950 | Depths:3 | Got the Parchment of the Volcano and the Shift
 44990 | Depths:3 | Reached XP level 25. HP: 245/245 MP: 26/26
 45070 | Depths:3 | Identified the +10 rapier of the Skies Above {protect, rC++
                  | rN+}
 45603 | Depths:4 | Entered Level 4 of the Depths
 45663 | Depths:4 | Found a gate to the Realm of Zot.
 45816 | Depths:4 | Noticed Mennas
 45841 | Depths:4 | Killed Mennas
 46199 | Depths:4 | Identified the +3 scale mail "Oddosi Hiat" {rF+}
 46372 | Depths:4 | Upgraded the game from 0.31-a0-524-g2a164cf6a2 to
                  | 0.31-a0-536-ga3e2962e35
 46674 | Slime:1  | Entered Level 1 of the Pits of Slime
 46677 | Slime:1  | Gained mutation: You occasionally lose the ability to drink
                  | potions when taking damage. [a shining eye]
 46685 | Slime:1  | Gained mutation: Your magical capacity is very low. (-20%
                  | MP) [a shining eye]
 46698 | Lair:4   | Identified the +6 spear of Spores {freeze, *Rage rN++
                  | Int+8} (Okawaru gifted it to you on level 4 of the Lair of
                  | Beasts)
 46698 | Lair:4   | Received a gift from Okawaru
 46888 | Slime:2  | Noticed Dissolution
 46909 | Slime:2  | Paralysed by a floating eye for 2 turns
 46928 | Slime:1  | Gained mutation: Potions are less effective at restoring
                  | your health. [a shining eye]
 46932 | Slime:1  | Killed Dissolution
 47057 | Slime:3  | Gained mutation: You are vulnerable to heat. (rF-) [a
                  | shining eye]
 47062 | Slime:3  | Gained mutation: You occasionally lose the ability to read
                  | scrolls when taking damage. [a shining eye]
 47090 | Slime:4  | Received a gift from Okawaru
 47210 | Slime:5  | Entered Level 5 of the Pits of Slime
 47509 | Slime:4  | Paralysed by a formless jellyfish for 1 turns
 47864 | Slime:5  | Noticed the Royal Jelly
 48035 | Slime:5  | Killed the Royal Jelly
 48035 | Slime:5  | Identified the +3 plate armour "Ahugec" {rF+ rC+ Will-
                  | Dex+4} (Okawaru gifted it to you on level 5 of the Pits of
                  | Slime)
 48035 | Slime:5  | Received a gift from Okawaru
 48337 | Slime:5  | Found the +6 arbalest "Damnation" {damnation}
 48345 | Slime:5  | Identified the +4 battleaxe of Arrival {heavy, rPois Str-5
                  | SInv Stlth+}
 48362 | Slime:5  | Identified the ring "Ricoac" {MP+9 Dex+3}
 48387 | Slime:5  | Identified the ring of Kuitejea {rPois Str+6 Dex+2}
 48395 | Slime:5  | Identified the +7 short sword "Newtbane" {pain, +Blink
                  | Int+2 Dex-5 Stlth+}
 48397 | Slime:5  | Got a slimy rune of Zot
 48398 | Slime:5  | Identified the ring of the Feral Watermelon {Fire rPois}
 48446 | Slime:5  | Identified the +5 quarterstaff of Premature Burial {heavy,
                  | +Blink rC- rN+++ Dex-2}
 48582 | Lair:4   | Lost mutation: You occasionally lose the ability to read
                  | scrolls when taking damage. [potion of mutation]
 48582 | Lair:4   | Lost mutation: You are vulnerable to heat. (rF-) [potion of
                  | mutation]
 48582 | Lair:4   | Lost mutation: You have sharp toenails. [potion of
                  | mutation]
 48582 | Lair:4   | Gained mutation: You have a pair of large horns on your
                  | head. [potion of mutation]
 48582 | Lair:4   | Gained mutation: You have a somewhat thin skeletal
                  | structure. (Dex +2, Stealth+) [potion of mutation]
 48583 | Lair:4   | Lost mutation: You have a somewhat thin skeletal structure.
                  | (Dex +2, Stealth+) [potion of mutation]
 48583 | Lair:4   | Lost mutation: You are strong-willed. (Will+) [potion of
                  | mutation]
 48583 | Lair:4   | Lost mutation: Potions are less effective at restoring your
                  | health. [potion of mutation]
 48583 | Lair:4   | Gained mutation: You are strong-willed. (Will+) [potion of
                  | mutation]
 48583 | Lair:4   | Gained mutation: You are somewhat resistant to further
                  | mutation. [potion of mutation]
 48584 | Lair:4   | Lost mutation: You possess an exceptional clarity of mind.
                  | [potion of mutation]
 48584 | Lair:4   | Lost mutation: You are strong-willed. (Will+) [potion of
                  | mutation]
 48585 | Lair:4   | Lost mutation: Your magical capacity is very low. (-20% MP)
                  | [potion of mutation]
 48585 | Lair:4   | Lost mutation: Your system is resistant to poisons. (rPois)
                  | [potion of mutation]
 48585 | Lair:4   | Lost mutation: You are somewhat resistant to further
                  | mutation. [potion of mutation]
 48585 | Lair:4   | Gained mutation: You occasionally shout uncontrollably at
                  | your foes. [potion of mutation]
 48585 | Lair:4   | Gained mutation: Your system is resistant to poisons.
                  | (rPois) [potion of mutation]
 48586 | Lair:4   | Lost mutation: You have a pair of large horns on your head.
                  | [potion of mutation]
 48586 | Lair:4   | Lost mutation: You occasionally lose the ability to drink
                  | potions when taking damage. [potion of mutation]
 48586 | Lair:4   | Lost mutation: You occasionally shout uncontrollably at
                  | your foes. [potion of mutation]
 48586 | Lair:4   | Gained mutation: You possess an exceptional clarity of
                  | mind. [potion of mutation]
 48586 | Lair:4   | Gained mutation: You are vulnerable to heat. (rF-) [potion
                  | of mutation]
 48587 | Lair:4   | Lost mutation: Your system is resistant to poisons. (rPois)
                  | [potion of mutation]
 48587 | Lair:4   | Lost mutation: Your magical capacity is low. (-10% MP)
                  | [potion of mutation]
 48587 | Lair:4   | Lost mutation: You possess an exceptional clarity of mind.
                  | [potion of mutation]
 48587 | Lair:4   | Gained mutation: Potions are less effective at restoring
                  | your health. [potion of mutation]
 48587 | Lair:4   | Gained mutation: You are robust. (+10% HP) [potion of
                  | mutation]
 48588 | Lair:4   | Lost mutation: Potions are less effective at restoring your
                  | health. [potion of mutation]
 48588 | Lair:4   | Lost mutation: You are vulnerable to heat. (rF-) [potion of
                  | mutation]
 48588 | Lair:4   | Lost mutation: You are robust. (+10% HP) [potion of
                  | mutation]
 48588 | Lair:4   | Gained mutation: You are agile. (Dex +4, Str/Int -1)
                  | [potion of mutation]
 48588 | Lair:4   | Gained mutation: Your mind is acute. (Int +4, Str/Dex -1)
                  | [potion of mutation]
 48875 | Depths:3 | Voluntarily entered the Abyss.
 48885 | Abyss:2  | Found a corrupted altar of Lugonu.
 48958 | Abyss:2  | Found a corrupted altar of Lugonu.
 49000 | Abyss:2  | Found a corrupted altar of Lugonu.
 49098 | Abyss:2  | Reached XP level 26. HP: 257/257 MP: 29/29
 49806 | Abyss:2  | Noticed a dread lich
 49815 | Abyss:2  | Killed a dread lich
 50054 | Abyss:2  | Gained mutation: You occasionally shout uncontrollably at
                  | your foes. [a neqoxec]
 50056 | Abyss:2  | Gained mutation: Your body sometimes deteriorates upon
                  | taking damage. [a neqoxec]
 50136 | Abyss:2  | Paralysed by you for 4 turns
 50971 | Abyss:2  | Found a corrupted altar of Lugonu.
 51039 | Abyss:2  | Found a corrupted altar of Lugonu.
 51439 | Abyss:3  | Identified the +3 spear "Demonslayer" {venom, Int+3}
                  | (Okawaru gifted it to you on level 3 of the Abyss)
 51439 | Abyss:3  | Received a gift from Okawaru
 51445 | Abyss:3  | Noticed an ancient lich
 51455 | Abyss:3  | Noticed an ancient lich
 51500 | Abyss:3  | Found a corrupted altar of Lugonu.
 51500 | Abyss:3  | Found a corrupted altar of Lugonu.
 51503 | Abyss:3  | Found a corrupted altar of Lugonu.
 51547 | Abyss:3  | Killed an ancient lich
 51677 | Abyss:3  | Reached skill level 1 in Invocations
 51843 | Abyss:3  | Paralysed by accursed screaming for 1 turns
 51852 | Abyss:3  | Paralysed by accursed screaming for 1 turns
 51914 | Abyss:3  | Lost mutation: You are agile. (Dex +4, Str/Int -1) [a
                  | neqoxec]
 51986 | Abyss:3  | Reached skill level 5 in Invocations
 52061 | Abyss:3  | Found a corrupted altar of Lugonu.
 52061 | Abyss:3  | Found a corrupted altar of Lugonu.
 52061 | Abyss:3  | Found a corrupted altar of Lugonu.
 52370 | Abyss:4  | Received a gift from Okawaru
 52614 | Abyss:4  | Identified the +8 tower shield of the Doldrums {Str+3 Int+5
                  | SInv Stlth-}
 52774 | Abyss:4  | Reached skill level 10 in Invocations
 52825 | Abyss:4  | Reached XP level 27. HP: 191/212 MP: 29/29
 52984 | Abyss:4  | Paralysed by accursed screaming for 1 turns
 53021 | Abyss:4  | Got an abyssal rune of Zot
 53420 | Abyss:4  | Paralysed by accursed screaming for 1 turns
 53431 | Abyss:4  | Paralysed by accursed screaming for 1 turns
 53556 | Abyss:4  | Paralysed by accursed screaming for 1 turns
 53627 | Abyss:4  | Found a corrupted altar of Lugonu.
 53631 | Abyss:4  | Found a corrupted altar of Lugonu.
 53635 | Abyss:4  | Identified the +5 chain mail of jaspen's Prudence {rElec
                  | Str+9 Slay-4 SInv} (Okawaru gifted it to you on level 4 of
                  | the Abyss)
 53635 | Abyss:4  | Received a gift from Okawaru
 54105 | Depths:3 | Escaped the Abyss
 54178 | Zig:1    | Entered Level 1 of a ziggurat
 54202 | Zig:2    | Entered Level 2 of a ziggurat
 54230 | Zig:3    | Entered Level 3 of a ziggurat
 54397 | Zig:3    | Identified the +4 shortbow of Ylaimmyu {freeze, Dex+3}
 54403 | Zig:4    | Entered Level 4 of a ziggurat
 54450 | Zig:5    | Entered Level 5 of a ziggurat
 54492 | Zig:5    | Identified the +5 lajatang of Resumed Hostilities {protect,
                  | Str+2 Int+3 Dex-2 SInv}
 54513 | Zig:6    | Entered Level 6 of a ziggurat
 54609 | Zig:6    | Lost mutation: Your body sometimes deteriorates upon taking
                  | damage. [potion of mutation]
 54609 | Zig:6    | Lost mutation: You occasionally shout uncontrollably at
                  | your foes. [potion of mutation]
 54609 | Zig:6    | Gained mutation: You have sharp toenails. [potion of
                  | mutation]
 54609 | Zig:6    | Gained mutation: You are partially covered in iridescent
                  | scales. (AC +2) [potion of mutation]
 54619 | Zig:6    | Identified the ring of Facefian {Drain rF+ Will++ Str+3
                  | Dex+4}
 54623 | Zig:6    | Identified the +0 plate armour of Dishonesty {Dex+5}
 54628 | Zig:7    | Entered Level 7 of a ziggurat
 54634 | Zig:7    | Noticed a dread lich
 54645 | Zig:7    | Killed a dread lich
 54701 | Zig:7    | Identified the staff "Tenuach" {rElec Str+3 Dex+2 Air}
 54704 | Zig:7    | Identified the orb "Heza" {*Rage, rF+ Stlth+}
 54707 | Zig:8    | Entered Level 8 of a ziggurat
 54712 | Zig:8    | Noticed Iqeuh the pandemonium lord
 54729 | Zig:8    | Killed Iqeuh the pandemonium lord
 54815 | Zig:8    | Identified the +3 morningstar of a treasure trove {heavy,
                  | *Rage Str+2 Dex+3}
 54833 | Zig:9    | Entered Level 9 of a ziggurat
 54933 | Zig:10   | Entered Level 10 of a ziggurat
 55166 | Zig:10   | Identified the +7 great mace of the Shallot {pain, Fragile
                  | rC+++ rN+++ Int-3}
 55172 | Zig:10   | Identified the staff "Vigeteol" {rF+ rN+ Necro Fire}
 55175 | Zig:11   | Entered Level 11 of a ziggurat
 55179 | Zig:11   | Noticed a royal mummy
 55180 | Zig:11   | Noticed a dread lich
 55180 | Zig:11   | Noticed a royal mummy
 55188 | Zig:11   | Found the +7 Spriggan's Knife {stab, EV+4 Stlth+}
 55190 | Zig:11   | Identified the +6 arbalest of Unpleasantness {freeze, rF-
                  | Str+2 Int+5}
 55369 | Zot:1    | Entered Level 1 of the Realm of Zot
 55603 | Zot:1    | Reached skill level 27 in Shields
 55682 | Zot:1    | Noticed a dread lich
 55689 | Zot:1    | Identified the +0 pair of gloves of the Kappa {*Corrode rC+
                  | Int+4} (Okawaru gifted it to you on level 1 of the Realm of
                  | Zot)
 55689 | Zot:1    | Received a gift from Okawaru
 55706 | Zot:1    | Killed a dread lich
 55709 | Zot:1    | Reached skill level 27 in Fighting
 55906 | Zot:1    | Reached skill level 27 in Armour
 56315 | Zot:1    | Noticed Vv
 56338 | Zot:1    | Killed Vv
 56897 | Zot:2    | Identified the +6 crystal plate armour of Protective
                  | Custody {rC- Str+3 Int+2} (Okawaru gifted it to you on
                  | level 2 of the Realm of Zot)
 56897 | Zot:2    | Received a gift from Okawaru
 57025 | Zot:2    | Found a runed translucent door.
 57025 | Zot:2    | Noticed Uweetenk's ghost (veteran AtFi)
 57093 | Zot:2    | Killed Uweetenk's ghost
 57649 | Zot:3    | You fall into a shaft and drop 1 floor!
 57880 | Zot:3    | Reached skill level 27 in Dodging
 58188 | Zot:3    | Identified the +4 shortbow "Anwiapn" {heavy, Fly Will-
                  | Str+3 Dex+3}
 58830 | Zot:4    | Identified the +0 ring mail of Cloud Cover {Fly}
 59314 | Zot:5    | Entered Level 5 of the Realm of Zot
 59427 | Zot:5    | Found a runed translucent door.
 59431 | Zot:5    | Noticed hitsuchi's ghost (veteran SpEn)
 59488 | Zot:5    | Received a gift from Okawaru
 59674 | Zot:5    | Noticed a dread lich
 59693 | Zot:5    | Killed a dread lich
 59738 | Zot:5    | Noticed an orb of fire
 59752 | Zot:5    | Noticed an orb of fire
 59759 | Zot:5    | Killed an orb of fire
 59763 | Zot:5    | Noticed an ancient lich
 59773 | Zot:5    | Killed an orb of fire
 59780 | Zot:5    | Killed an ancient lich
 59793 | Zot:5    | Noticed an ancient lich
 59802 | Zot:5    | Noticed an ancient lich
 59808 | Zot:5    | Killed an ancient lich
 59809 | Zot:5    | Reached skill level 10 in Spellcasting
 59813 | Zot:5    | Killed an ancient lich
 59829 | Zot:5    | Received a gift from Okawaru
 60371 | Zot:5    | Received a gift from Okawaru
 60615 | Zot:5    | Killed hitsuchi's ghost
 60794 | Hell     | Entered the Vestibule of Hell
 60794 | Hell     | Noticed Geryon
 60794 | Hell     | Noticed Murray
 60830 | Depths:4 | Killed Murray
 61056 | Hell     | Identified the +4 demon trident of Obiter Dictum {drain,
                  | *Noise rCorr Str+2} (Okawaru gifted it to you in the
                  | Vestibule of Hell)
 61056 | Hell     | Received a gift from Okawaru
 61135 | Hell     | Killed Geryon
 61327 | Hell     | Found a gateway to the decaying netherworld of Tartarus.
 61447 | Hell     | Found a gateway to the Iron City of Dis.
 61511 | Hell     | Found a gateway to the freezing wastes of Cocytus.
 61592 | Hell     | Found a gateway to the ashen valley of Gehenna.
 61904 | Zot:5    | Got the Orb of Zot
 62206 | D:15     | Gained mutation: You occasionally lose the ability to read
                  | scrolls when taking damage. [a cacodemon]
 62385 | D:8      | Noticed Pocvibowk the pandemonium lord
 62395 | D:8      | Killed Pocvibowk the pandemonium lord
 62744 | D:1      | Received a gift from Okawaru
 62767 | D:1      | Lost mutation: Your mind is acute. (Int +4, Str/Dex -1)
                  | [potion of mutation]
 62767 | D:1      | Lost mutation: You occasionally lose the ability to read
                  | scrolls when taking damage. [potion of mutation]
 62767 | D:1      | Lost mutation: You have sharp toenails. [potion of
                  | mutation]
 62767 | D:1      | Gained mutation: Your spells are a little harder to cast,
                  | but a little more powerful. [potion of mutation]
 62767 | D:1      | Gained mutation: You are partially covered in large bone
                  | plates. (SH +4) [potion of mutation]
 62767 | D:1      | Gained mutation: Your flesh is heat resistant. (rF+)
                  | [potion of mutation]
 62768 | D:1      | Lost mutation: Your spells are a little harder to cast, but
                  | a little more powerful. [potion of mutation]
 62768 | D:1      | Lost mutation: You are partially covered in iridescent
                  | scales. (AC +2) [potion of mutation]
 62768 | D:1      | Lost mutation: Your flesh is heat resistant. (rF+) [potion
                  | of mutation]
 62768 | D:1      | Gained mutation: You have supernaturally acute eyesight.
                  | (SInv) [potion of mutation]
 62768 | D:1      | Gained mutation: You have a pair of large horns on your
                  | head. [potion of mutation]
 62768 | D:1      | Gained mutation: You are agile. (Dex +4, Str/Int -1)
                  | [potion of mutation]
 62768 | D:1      | Gained mutation: You passively dampen the noise of your
                  | surroundings. [potion of mutation]
 62778 | D:$      | Escaped with the Orb!

Illustrated notes

Levels and vault maps discovered:
D:1:      onia_arrival_pentagram, layout_basic,
          shapermc_ecumenical_altar_totnotflames, columned_hall_lemuel,
          nicolae_grassy_gnolls
D:2:      minmay_diamond_boxcup, layout_basic, pf_guarded_unrand_woodcutter
D:3:      layout_basic, gammafunk_ghost_abyssal_escape, minmay_snake_closets,
          uniq_terence
D:4:      layout_loops_ring, minmay_temple_entry_wispy, serial_shops, shop,
          uniq_eustachio, uniq_crazy_yiuf_cottage, uniq_sigmund
D:5:      layout_loops_ring, lemuel_tele_altar, minmay_overflow_temple_star_hex,
          saegor_snake_ambush, uniq_duvessa, uniq_ijyb
D:6:      layout_basic, nicolae_eternal_life, hangedman_decor_peaks_small
D:7:      layout_loops_corners, uniq_maggie, uniq_pikel
D:8:      layout_loops_ring, mainiacjoe_overflow_cross_hatched,
          minmay_microvault, uniq_maurice, uniq_grum, uniq_amaemon
D:9:      nzn_winding_woodlands_large [nzn_winding_woodlands_5x5_cross,
          nzn_winding_woodlands_5x15_concentric,
          nzn_winding_woodlands_5x5_open_star,
          nzn_winding_woodlands_center_garden,
          nzn_winding_woodlands_15x15_boxy_spiral,
          nzn_winding_woodlands_center_diamonds,
          nzn_winding_woodlands_5x5_checkerboard,
          nzn_winding_woodlands_5x15_pathside_ponds,
          nzn_winding_woodlands_hourglass], layout_rooms, uniq_prince_ribbit1
D:10:     lemuel_ice_spiral_2, layout_basic, david_lair_shrubbed,
          kennysheep_orc_monster_closet_entryway
D:11:     layout_rooms, kennysheep_minor_cross, uniq_fannar
D:12:     layout_irregular_city, serial_shops, nicolae_shop_trees
D:13:     layout_rooms
D:14:     layout_irregular_city, david_vaults_1, nicolae_benzene_ring,
          serial_rivers, chequers_serial_rivers_micro_d,
          chequers_serial_rivers_large_b, chequers_serial_rivers_marsh,
          chequers_serial_rivers_micro_e
D:15:     grunt_enter_depths_snipers, layout_irregular_city,
          nicolae_figureground_pulse
Temple:   nicolae_temple_no_exploring_needed
Lair:1:   layout_roguey [special_room_bee], evilmike_ambush
          [evilmike_ambush_outer_basic, evilmike_ambush_inner_basic],
          grunt_megastairs_5
Lair:2:   lemuel_ratsnest, layout_loops_ring, minmay_swamp_entry_worms,
          minivault_11, beast_lair_carwin_11, grunt_megastairs_2
Lair:3:   layout_layer_cave, guppyfry_snake_entry_island,
          gammafunk_ghost_necromancy, lemuel_fruit_tree, grunt_megastairs_3,
          infiniplex_staircase_pool
Lair:4:   layout_cave_pods, dpeg_slime_entry_enclosed, uniq_nessos
Lair:5:   minmay_lair_end_enchanted_forest, layout_cave_shapes,
          chequers_serial_rivers_small_b
Swamp:1:  nicolae_swamp_decorative_isthmus, layout_falls_marsh,
          evilmike_swamp_ruin_house_6
Swamp:2:  layout_basic_swamp, hangedman_swamp_ruin_wall,
          nicolae_swamp_triple_paths, swamp_pool5
Swamp:3:  layout_falls_marsh, nicolae_swamp_round_clearing
Swamp:4:  swamp, layout_basic_swamp
Snake:1:  layout_onion
Snake:2:  layout_rooms, portal_ice_cave_entry_ice_simulacra
Snake:3:  layout_chambers, uniq_nikola
Snake:4:  minmay_snake_end_coiled, layout_chambers, minmay_shoptagon,
          serial_bayou_shore_a, uniq_asterion
Slime:1:  layout_caves, special_room [special_room_jelly]
Slime:2:  layout_caves, uniq_dissolution
Slime:3:  layout_caves, nicolae_slime_crime_time
Slime:4:  cheibrodos_slime_lost_civilization_8, layout_caves,
          nicolae_slime_welcoming_committee
Slime:5:  slime_pit_nicolae_royal_road_to_ruin
Orc:1:    layout_caves, serial_shops, nicolae_shop_tiny_glass,
          nicolae_lakefront_shop, basic_altar, minmay_orc_temple_c
Orc:2:    grunt_orc_cross, layout_diamond_mine
Elf:1:    eino_elf_arrival_the_gate, layout_gridlike, hangedman_elf_represent,
          nicolae_rare_books, st_stairs_12, dreamdust_princess_corridor,
          nicolae_shop_firing_range, uniq_jorgrun
Elf:2:    nicolae_elf_blades_splatter_lattice [nicolae_blade_bullseye],
          layout_loops_corners, ebering_ghost_reflecting_pool, uniq_agnes,
          uniq_norris
Elf:3:    minmay_elf_hall_not_hex, layout_geoelf_octagon
Vaults:1: vaults_dpeg_spiral, vaults_standard_mumra_x,
          nicolae_vaults_steering_wheel, nicolae_vaults_house_2,
          hangedman_vaults_locks, nicolae_vaults_trapezoid_4,
          nicolae_vaults_network_barrier, grunt_vaults_bifocal, v_misc_13,
          v_misc_27, hangedman_vaults_trim, vaults_dpeg_emergency_exit,
          layout_vaults_ring, serial_shops, nicolae_shop_pleasant_corner_grove
Vaults:2: hangedman_vaults_slither, v_misc_4, nicolae_vaults_cornered_office,
          nicolae_vaults_diamond_2, vaults_mumra_hex,
          nicolae_vaults_storage_room_statues, nicolae_vaults_ninety_degrees,
          ontoclasm_vaults_tryst, dpeg_vaults_monster_row,
          nicolae_vaults_trapezoid_lopsided_1, layout_vaults_omnicross,
          serial_shops, shop, nicolae_shop_rolling_square
Vaults:3: advil_vaults_ghost_guards, grunt_vaults_hallway_short,
          hangedman_vaults_maws, grunt_vaults_trifunnel, v_misc_13,
          vaults_room_door_hall, nicolae_vaults_big_angled_halls,
          ontoclasm_vaults_claustrophobia, vaults_mumra_minichess,
          minmay_crypt_entry_necro_gods, vaults_room_semicircle,
          vaults_dpeg_cross, grunt_vaults_hallway_long,
          nicolae_vaults_octothorpe, nicolae_vaults_twisting_passages,
          nicolae_vaults_closet_pinwheel_5, layout_vaults_maze_snakey
Vaults:4: nicolae_vaults_big_ls, vaults_dpeg_doors, v_misc_12,
          nicolae_vaults_taking_the_gang_shopping, ontoclasm_vaults_idyll,
          nicolae_vaults_surprise_closet, v_pattern_5,
          nicolae_vaults_closet_pinwheel_4, nicolae_vaults_security_offices_4,
          nicolae_vaults_little_squares_4, layout_vaults_omnigrid, uniq_donald
Vaults:5: serial_shops
Crypt:1:  minmay_guarded_unrand_majin_bo, layout_misc_corridors,
          grunt_crypt_arrival_guarded_gate
Crypt:2:  layout_gridlike, grunt_ministairs_11, nicolae_crypt_niches
Crypt:3:  due_elkab, layout_chaotic_city, grunt_ministairs_15, uniq_frederick,
          uniq_khufu, uniq_sojobo
Depths:1: layout_roguey, enter_ziggurat_c, pf_coc_iceberg,
          makhleb_altar_promises_db
Depths:2: minmay_four_inscribed_fans, layout_honeycomb, mu_enter_wizlab_7,
          hell_entry, grunt_pan_entry_spiral
Depths:3: minmay_complete_graph, layout_basic, serial_sigils,
          serial_sigils_hangedman_clutch, serial_sigils_hangedman_gnaw,
          serial_sigils_hangedman_scratch, serial_sigils_hangedman_scar,
          hell_entry, minmay_misc_feat_encased, abyss_entry, uniq_jory,
          uniq_margery
Depths:4: grunt_crosshair, layout_cave_pools, abyss_entry_crystal,
          glass_columns_c, grunt_hell_entry_dis_old, uniq_mennas
Hell
Zot:1:    hangedman_zot_vaults_quadrants, layout_concentric_octagons,
          st_stairs_7, grunt_ministairs_1, uniq_vv
Zot:2:    layout_misc_corridors, hellmonk_ghost_happy_afterlife
Zot:3:    kennysheep_six_static_rooms, layout_misc_corridors
Zot:4:    layout_cathedral_of_symmetry
Zot:5:    layout_basic, ebering_ghost_inner_flame

Skill      XL: |  1  2  3  4  5  6  7  8  9 10 11 12 13 14 15 16 17 18 19 20 21 22 23 24 25 26 27 |
---------------+----------------------------------------------------------------------------------+-----
Dodging        | 1 2 3 4 5 7 8 10 11 12 13 14 16 17 18 19 20 21 22 23 27 | 27.0
Armour         | 4 5 6 7 8 10 11 13 14 15 16 17 18 19 20 21 22 23 24 25 27 | 27.0
Fighting       | 4 5 6 7 8 10 11 12 14 15 16 17 18 19 20 21 22 23 24 25 27 | 27.0
Shields        | 4 5 6 7 8 10 11 13 14 15 16 17 18 19 20 21 22 23 24 25 27 | 27.0
Axes           | 3 4 5 6 8 |  8.1
Polearms       | 10 11 12 13 15 16 17 18 19 20 21 22 23 24 25 26 | 26.6
Transmutations | 3 5 |  5.0
Earth Magic    | 3 5 |  5.0
Spellcasting   | 2 5 14 | 14.2
Invocations    | 10 | 10.0

Action                     |  1- 3 |  4- 6 |  7- 9 | 10-12 | 13-15 | 16-18 | 19-21 | 22-24 | 25-27 || total
---------------------------+-------+-------+-------+-------+-------+-------+-------+-------+-------++-------
  Melee: War axe           |    80 |    16 |       |       |       |       |       |       |       ||    96
         Headbutt          |    11 |    12 |    29 |   154 |   407 |   314 |   481 |   565 |  1495 ||  3468
         Battleaxe         |       |    92 |   193 |       |       |       |       |       |       ||   285
         Lance             |       |       |       |   754 |  1800 |  1449 |  1952 |  2161 |  4909 || 13025
 Invoke: Heroism           |       |       |       |       |       |     4 |     2 |     3 |    13 ||    22
         Finesse           |       |       |       |       |       |       |       |       |     4 ||     4
  Evoke: Wand              |       |       |       |       |       |       |       |     3 |     4 ||     7
    Use: Scroll            |       |     8 |    11 |    10 |     9 |     8 |     3 |    12 |    19 ||    80
         Potion            |       |     1 |       |     3 |     1 |     2 |     2 |     9 |    31 ||    49
   Stab: Paralysed         |       |       |       |     2 |       |       |       |       |       ||     2
         Confused          |       |       |       |       |       |       |     1 |       |       ||     1
         Distracted        |       |       |       |       |       |       |       |       |     3 ||     3
         Invisible         |       |       |       |       |       |       |       |       |     9 ||     9
 Armour: Scale mail        |    37 |    49 |    92 |   112 |   124 |       |       |       |       ||   414
         Gold dragon scale |       |       |       |       |   263 |   318 |   519 |   261 |  1173 ||  2534
         Pearl dragon scal |       |       |       |       |       |       |       |    53 |       ||    53
  Dodge: Dodged            |    39 |    50 |    85 |   225 |   680 |   514 |   926 |   655 |  2501 ||  5675
  Block: Buckler           |    22 |     9 |       |    58 |       |       |       |       |       ||    89
         Kite shield       |       |       |       |   108 |   729 |   546 |   944 |   787 |  2746 ||  5860

Table legend: (Time is in decaauts)
 A = Elapsed time spent in this place.
 B = Non-inter-level travel time spent in this place.
 C = Inter-level travel time spent in this place.
 D = Time resting spent in this place.
 E = Time spent auto-exploring this place.
 F = Levels seen in this place.
 G = Mean time per level.
                   A        B        C        D        E       F      G
               +--------+--------+--------+--------+--------+-----+--------+
         Total |  57036 |  51866 |   5170 |   1683 |  34229 |  74 |  770.8 |
       Dungeon |  13117 |  11294 |   1823 |     90 |   8438 |  15 |  874.5 |
        Temple |      1 |      1 |      0 |      0 |      0 |   1 |    1.0 |
          Lair |   5591 |   4954 |    637 |      9 |   3739 |   5 | 1118.2 |
         Swamp |   2199 |   2042 |    157 |      0 |   1469 |   4 |  549.8 |
     Snake Pit |   3494 |   3328 |    166 |     17 |   2486 |   4 |  873.5 |
    Slime Pits |   1535 |   1389 |    146 |    223 |    276 |   5 |  307.0 |
  Orcish Mines |   1565 |   1491 |     74 |    100 |    998 |   2 |  782.5 |
   Elven Halls |   2845 |   2689 |    156 |      5 |   1930 |   3 |  948.3 |
        Vaults |   6488 |   5828 |    660 |    162 |   4233 |   5 | 1297.6 |
         Crypt |   3288 |   3051 |    237 |    100 |   1869 |   3 | 1096.0 |
        Depths |   4687 |   4025 |    662 |     89 |   2722 |   4 | 1171.8 |
          Hell |    627 |    607 |     20 |     36 |    260 |   1 |  627.0 |
           Zot |   5097 |   4671 |    426 |    136 |   3183 |   5 | 1019.4 |
         Abyss |   4342 |   4342 |      0 |    208 |   2004 |   4 | 1085.5 |
      Ziggurat |    859 |    859 |      0 |    303 |     36 |  11 |   78.1 |
      Ice Cave |    888 |    888 |      0 |    202 |    450 |   1 |  888.0 |
        Wizlab |    404 |    404 |      0 |      3 |    131 |   1 |  404.0 |
               +--------+--------+--------+--------+--------+-----+--------+

Top non-repeatable levels by time:
 Abyss:2: 2190 daAuts
Depths:2: 1707 daAuts
 Abyss:4: 1583 daAuts
 Crypt:3: 1579 daAuts
Vaults:4: 1566 daAuts
   Zot:1: 1347 daAuts
  Lair:3: 1327 daAuts
Vaults:3: 1313 daAuts
Vaults:5: 1313 daAuts
 Snake:4: 1291 daAuts
    D:14: 1221 daAuts
   Elf:2: 1174 daAuts
Vaults:2: 1173 daAuts
Depths:1: 1173 daAuts
 Snake:3: 1133 daAuts
